Map: Incorporeal LE

Players

MaxPax

  • Race: Protoss Protoss
  • Spawn Location: 11:00

Scarlett - Winner!

  • Race: Zerg Zerg
  • Spawn Location: 5:00

VOD

Have the link to the VOD?

Description

Time

  • Played on: June 3, 2025, 9:41 p.m.
  • Length: 11:26
Show
View Real Time Build Order
Export as new Build Order

MaxPax Protoss 

Build Orders: 1 Gate Expand, Oracle Opening 

Get SALT Encoding   

  12  0:00  Probe  
  13  0:12  Probe  
  14  0:19  Pylon  
  14  0:24  Probe  
  15  0:33  Probe  
  15  0:38  Gateway  
  15  0:42  Probe  
  16  0:47  Assimilator  
  17  0:52  Probe  
  18  1:04  Probe  
  19  1:16  Probe  
  20  1:23  Nexus  
  20  1:33  Cybernetics Core  
  20  1:36  Probe  
  21  1:43  Assimilator  
  21  1:48  Probe  
  21  1:51  Pylon  
  22  1:59  Probe  
  23  2:07  Probe  
  23  2:09  Adept  
  23  2:15  Stargate  
  26  2:16  Probe  
  27  2:26  Warp Gate  
  27  2:27  Probe  
  28  2:32  Probe  
  29  2:39  Probe, Adept  
  29  2:40  Probe  
  33  2:50  Probe, Void Ray  
  33  2:51  Probe  
  35  3:02  Probe  
  35  3:04  Pylon  
  40  3:06  Probe  
  41  3:14  Probe  
  41  3:18  Probe  
  43  3:22  Oracle  
  43  3:26  Probe  
  44  3:30  Probe  
  48  3:36  Nexus  
  48  3:39  Probe  
  49  3:43  Probe, Pylon  
  50  3:49  Assimilator  
  50  3:51  Probe  
  50  3:54  Gateway  
  51  3:56  Probe  
  51  4:00  Assimilator  
  52  4:03  Probe  
  52  4:08  Probe  
  52  4:09  Twilight Council  
  54  4:16  Gateway  
  54  4:17  Probe  
  54  4:19  Blink, Gateway  
  54  4:20  Probe  
  56  4:32  Adept  
  56  4:34  Probe  
  59  4:38  Probe, Forge  
  59  4:40  Pylon  
  60  4:46  Probe  
  60  4:48  Probe  
  60  4:50  Probe  
  60  4:51  Stalker  
  61  4:53  Protoss Ground Weapons Level 1  
  61  4:57  Stalker  
  61  4:58  Probe  
  64  5:00  Probe  
  64  5:02  Pylon  
  64  5:03  Probe  
  66  5:11  Probe  
  66  5:12  Probe  
  64  5:15  Probe  
  64  5:20  Stalker x2  
  64  5:21  Stalker  
  71  5:22  Stalker  
  71  5:23  Probe  
  71  5:25  Probe  
  71  5:27  Probe  
  76  5:28  Shield Battery  
  76  5:35  Probe, Pylon  
  77  5:39  Probe  
  77  5:42  Probe  
  79  5:47  Pylon, Probe  
  79  5:49  Assimilator x2  
  80  5:51  Probe  
  80  5:53  Stalker x3  
  80  5:56  Stalker  
  89  5:58  Probe  
  89  5:59  Probe  
  89  6:02  Templar Archives  
  89  6:04  Probe  
  92  6:10  Probe  
  93  6:11  Probe  
  93  6:15  Pylon  
  93  6:16  Probe  
  95  6:20  Gateway  
  95  6:22  Gateway, Probe  
  96  6:26  Gateway  
  96  6:31  Psionic Storm  
  94  6:36  Stalker x4  
  94  6:38  Gateway  
  94  6:39  Robotics Facility  
  100  6:58  Pylon  
  100  7:00  High Templar x3, Nexus  
  100  7:01  Charge, High Templar  
  108  7:05  Gateway x2  
  108  7:06  Pylon  
  108  7:08  Pylon  
  108  7:11  Pylon  
  108  7:27  Zealot x3  
  113  7:35  Pylon  
  107  7:37  Protoss Ground Weapons Level 2, Pylon  
  107  7:40  Zealot x5  
  107  7:41  Warp Prism  
  117  7:45  Cybernetics Core  
  117  7:49  Gateway  
  117  8:02  Pylon, High Templar x4  
  125  8:06  Archon x2  
  125  8:09  Immortal  
  125  8:16  Archon  
  125  8:17  Zealot x5  
  125  8:19  Zealot  
  109  8:33  Probe x2  
  95  8:34  Probe  
  95  8:35  High Templar x4  
  95  8:40  Archon  
  95  8:41  Zealot x6  
  99  8:44  Observer  
  99  8:47  Zealot  
  110  9:02  High Templar x2  
  114  9:03  Zealot x3  
  114  9:04  Zealot  
  114  9:09  Nexus  
  120  9:10  Zealot x5  
  120  9:11  Pylon  
  130  9:18  Immortal  
  122  9:32  High Templar x2, Zealot x5  
  122  9:33  Zealot x2  
  122  9:36  Archon  
  140  9:43  Archon x2  
  140  9:45  Zealot x2  
  101  9:55  Zealot x7  
  90  10:10  Zealot x3  
  90  10:13  Probe x2  
  98  10:19  Zealot  
  98  10:21  Probe, Zealot  
  86  10:25  Probe x2, High Templar x2  
  86  10:26  High Templar  
  86  10:27  High Templar  
  90  10:30  High Templar  
  90  10:33  High Templar  
  92  10:38  Zealot x2  
  92  10:45  Archon  
  84  10:54  Zealot x3  
  79  10:57  Probe x2  
  79  11:03  Archon  
  65  11:04  Zealot x4  
Show
View Real Time Build Order
Export as new Build Order

Scarlett Zerg - Winner!

Build Orders: Hatch First 

Get SALT Encoding   

  12  0:00  Drone  
  13  0:08  Drone  
  14  0:14  Drone, Extractor  
  15  0:22  Overlord  
  15  0:40  Drone  
  16  0:45  Hatchery  
  16  0:48  Drone  
  16  0:52  Drone  
  16  0:55  Drone  
  18  1:05  Extractor  
  18  1:10  Spawning Pool  
  16  1:13  Drone  
  16  1:17  Drone  
  18  1:27  Drone  
  19  1:37  Drone  
  20  1:48  Drone  
  21  1:56  Queen x2  
  21  1:57  Zergling x2  
  21  1:59  Overlord  
  26  2:07  Drone  
  27  2:10  Metabolic Boost  
  27  2:15  Drone  
  28  2:18  Drone  
  28  2:20  Drone  
  30  2:29  Drone  
  31  2:32  Drone  
  31  2:34  Queen  
  34  2:42  Hatchery  
  33  2:46  Overlord  
  33  2:49  Drone  
  34  2:53  Drone x2  
  36  3:06  Zergling x2  
  36  3:08  Drone x6  
  43  3:17  Overlord x2  
  43  3:25  Overlord  
  43  3:29  Overlord  
  43  3:30  Overlord  
  43  3:38  Queen  
  43  3:40  Drone x3  
  43  3:41  Drone  
  49  3:43  Queen  
  49  3:48  Spore Crawler  
  50  3:49  Zergling x4  
  50  3:52  Zergling x4  
  54  3:56  Zergling x4  
  54  3:58  Spore Crawler  
  55  4:07  Drone x4  
  59  4:19  Drone x7  
  65  4:28  Drone x3  
  66  4:45  Drone x3  
  66  4:52  Lair  
  65  4:55  Overlord  
  65  4:59  Evolution Chamber  
  63  5:03  Overlord, Drone x3  
  63  5:04  Extractor  
  64  5:08  Hatchery  
  64  5:11  Hatchery  
  64  5:12  Drone  
  63  5:16  Drone x8  
  71  5:23  Hatchery  
  71  5:26  Drone x3  
  71  5:27  Drone x4  
  77  5:31  Zerg Melee Weapons Level 1  
  77  5:34  Zergling x6  
  79  5:36  Queen  
  79  5:38  Zergling x2  
  79  5:40  Extractor, Zergling x2  
  79  5:42  Overlord, Extractor  
  81  5:49  Overlord  
  81  5:50  Extractor  
  81  5:51  Hydralisk Den  
  81  5:53  Zergling x6  
  81  5:55  Overlord x2  
  82  6:02  Zergling x2  
  82  6:03  Zergling x12  
  89  6:06  Overseer  
  89  6:11  Drone x2  
  90  6:14  Drone  
  91  6:19  Zergling x4  
  91  6:24  Muscular Augments  
  92  6:26  Zergling x10  
  93  6:35  Zergling x18  
  99  6:44  Hydralisk x5  
  109  6:48  Hydralisk  
  109  6:51  Hydralisk x4  
  119  6:56  Hydralisk x4  
  119  7:01  Zergling x8  
  130  7:05  Overlord x3  
  130  7:24  Zergling x2  
  130  7:25  Zergling x30  
  130  7:28  Grooved Spines  
  144  7:31  Zerg Missile Weapons Level 1  
  143  7:39  Hydralisk x3  
  148  7:48  Overlord x2  
  148  7:49  Overlord x2  
  148  7:54  Zergling x2  
  148  8:16  Hydralisk x13  
  128  8:28  Hydralisk x5  
  128  8:29  Zergling x2  
  134  8:35  Zergling x12  
  128  8:41  Hydralisk  
  128  8:42  Hydralisk x2  
  128  8:44  Zergling x6  
  128  8:46  Zergling x4  
  139  8:48  Zergling x4  
  139  8:52  Zergling x8  
  143  9:02  Zergling x18  
  152  9:10  Zergling x16  
  154  9:25  Hydralisk x8  
  125  9:48  Hydralisk x6, Zergling x20  
  123  10:01  Hydralisk x3  
  123  10:02  Zergling x8  
  118  10:17  Hydralisk x3  
  118  10:20  Zergling x2  
  111  10:29  Zergling x24  
  123  10:37  Hydralisk x3  
  124  10:45  Hydralisk x2, Zergling x2  
  124  10:46  Zergling x4  
  124  10:55  Hydralisk  
  124  10:56  Hydralisk, Zergling x6  
  116  11:05  Zergling x6  
Tags
 
Add a new tag
Caveats
  • Supply blocks, unpowered buildings, or Contaminate may cause inaccurate times.
  • Supply counts are checked every 10 seconds.